AoeStats
← blaswichj

Arabia

509801423Analyzed
1v1 RM · 5d ago on Sep 28, 2026· 22m 7s· 2 players
Game mode
Random Map
Map size
Tiny (2 player)
Population
200
Speed
Normal
Resources
Standard
Victory
Conquest
Starting age
Dark Age
Ending age
Imperial Age
RankedLock teamsTeams togetherTeam positionsShared explorationLock speedFull tech treeHidden civsTurbo modeCheats
Victory
Defeat
🇨🇴 Persians · Colombia
917
+16
🇻🇪 Saracens · Venezuela
909
-45
blaswichj
3:15 Loom
11:56 Feudal Age
12:39 Double-Bit Axe
12:45 Horse Collar
20:57 Wheelbarrow
21:45 Fletching
21:56 Padded Archer Armor
Cid Campeador
5:58 Loom
9:18 Feudal Age
10:01 Double-Bit Axe
10:57 Horse Collar
14:09 Forging
19:03 Town Watch
22:04 Castle Age
19:59 Gold Mining
20:00 Stone Mining
Connection lost

Rejoining the realm…

Still unreachable

The connection could not be restored.

Session expired

The server has moved on; the page needs a fresh start.